 Dungeon Crawl Stone Soup version 0.27.1 (webtiles) character file.

Game seed: 3138269998769085010

27 FreshCat the Sneak (level 2, 0/14 HPs)
             Began as a Felid Delver on Aug 28, 2021.
             Was a Follower of Nemelex Xobeh.
             Succumbed to an adder's poison
             ... on level 1 of the Dungeon.
             The game lasted 00:07:15 (1526 turns).

FreshCat the Sneak (Felid Delver)                   Turns: 1526, Time: 00:07:16

Health: 0/14       AC:  1    Str:  8    XL:     2   Next: 93%
Magic:  0/3        EV: 18    Int: 11    God:    Nemelex Xobeh [*.....]
Gold:   39         SH:  0    Dex: 17    Spells: 0/1 levels left
                                        Lives:  0   Deaths: 0

rFire    . . .     SeeInvis +     - Unarmed
rCold    . . .     Faith    .   (shield unavailable)
rNeg     . . .     Spirit   .   (armour unavailable)
rPois    .         Reflect  .   (helmet unavailable)
rElec    .         Harm     .   (cloak unavailable)
rCorr    .         Rampage  .   (gloves unavailable)
Will     +....                  (boots unavailable)
Stlth    ++++......             (no amulet)
HPRegen  0.04/turn              h - ring of willpower
MPRegen  0.08/turn              (no ring)

@: mighty, lethally poisoned (0 -> -4), quick
A: very small, claws 1, fangs 3, see invisible, speed 1, shaggy fur 1, stealthy
paws, no weapons or thrown items, no armour, multi-lived
a: Renounce Religion, Draw Escape, Draw Destruction, Draw Summoning


You were on level 1 of the Dungeon.
You worshipped Nemelex Xobeh.
Nemelex Xobeh was aware of your devotion.
You visited 1 branch of the dungeon, and saw 6 of its levels.

You collected 39 gold pieces.

Inventory:

Missiles
 f - 62 stones
 g - 16 arrows
 j - 22 poisoned darts
Jewellery
 h - a ring of willpower (left paw)
Wands
 e - a wand of digging (3)
Scrolls
 a - a scroll of fog
 b - a scroll of magic mapping
 c - a scroll of fear
Potions
 d - a potion of haste
 k - a potion of might


   Skills:
 + Level 3.1 Fighting
 + Level 3.0 Dodging
 + Level 7.4 Stealth
 + Level 2.2 Unarmed Combat


You couldn't memorise any spells.
You knew the following spells:

 Your Spells              Type           Power      Damage    Failure   Level
a - Magic Dart            Conj           0%         1d3       34%         1

Your spell library contained the following spells:

 Spells                   Type           Power      Damage    Failure   Level
 Call Imp                 Summ           0%         N/A       47%         2
 Slow                     Hex            0%         N/A       47%         2
 Confusing Touch          Hex            0%         N/A       71%         3
 Gell's Gravitas          Tloc           0%         N/A       71%         3
 Lesser Beckoning         Tloc           0%         N/A       71%         3
 Mephitic Cloud           Conj/Pois/Air  0%         N/A       71%         3
 Teleport Other           Tloc           0%         N/A       71%         3
 Vampiric Draining        Necr           0%         2d6       71%         3


Dungeon Overview and Level Annotations

Branches:
Dungeon (6/15)
 Temple: D:4-7

Altars:
Nemelex Xobeh


Innate Abilities, Weirdness & Mutations

You have sharp claws.
You have razor-sharp teeth.
You have supernaturally acute eyesight. (SInv)
You cover ground quickly. (Speed+)
You are covered in fur. (AC +1)
Your paws help you pounce on unaware monsters.
You are incapable of wielding weapons or throwing items.
You cannot wear armour.
You gain extra lives every three experience levels.


Message History

The adder misses you.
Casting: Magic Dart (safe; 34% risk of failure)
Confirm with . or Enter, or press ? or * to list all spells.
Aiming: Magic Dart (safe; 34% risk of failure)
Press: ? - help, Shift-Dir - straight line, f/p - adder
Aim: an adder (lightly wounded, 100% to hit)
The magic dart hits the adder.
The adder is moderately wounded.
The adder misses you.
You scratch the adder.
The adder is severely wounded.
The adder misses you. The adder barely misses you.
You scratch the adder but do no damage. Your bite misses the adder.
The adder is severely wounded.
The adder completely misses you.
You barely miss the adder.
The adder is severely wounded.
The adder closely misses you.
You scratch the adder. You bite the adder, but do no damage.
The adder is severely wounded.
The adder misses you.
Your magical contamination has completely faded away.
You miss the adder.
The adder is severely wounded.
The adder bites you.
You are lethally poisoned!
The adder poisons you! The adder completely misses you.
You are too injured to fight recklessly!
You draw a card...
You have drawn the Cloud.
Clouds appear around you!
You feel sick. The adder bites you.
* * * LOW HITPOINT WARNING * * *
Okay, then.
It was a potion of might.
You feel very mighty all of a sudden.
* * * LOW HITPOINT WARNING * * *
You feel sick. The adder misses you.
You claw the adder!
You kill the adder!
You die...
Your body disappears without a glow.

#.# #.## #..#.#####.###
#.# #..# #..#.......# #
#.# ##.# #..#######.###
#.#####.####..#######....
#.#.>...............##..#
#.#.###.#####.#####.##.##
#.#.##.#B####.# #.##.##
#.....###>ยง...# #.#...#
###.##.#@####.#####......
#.###..........##......
#.#########.##.###.....
#...........##.# ##...#
##############.#####.##
#......)# #########


There were no monsters in sight!

Vanquished Creatures
  An adder (D:1)
  A bat (D:1)
  3 endoplasms
  A giant cockroach (D:1)
  2 goblins (D:1)
  3 hobgoblins (D:1)
  5 kobolds (D:1)
  A quokka (D:2)
  2 ball pythons (D:1)
  4 frilled lizards
  4 rats (D:1)
27 creatures vanquished.

Notes
Turn   | Place    | Note
-------+----------+-------------------------------------------
     0 | D:5      | FreshCat the Felid Delver began the quest for the Orb.
     0 | D:5      | Reached XP level 1. HP: 10/10 MP: 2/2
    13 | D:6      | Noticed a necrophage
   233 | D:1      | Reached skill level 7 in Stealth
   272 | D:1      | Reached XP level 2. HP: 14/14 MP: 3/3
   666 | D:1      | Learned a level 1 spell: Magic Dart
   818 | D:1      | Found a faded altar of an unknown god.
   826 | D:1      | Became a worshipper of Nemelex Xobeh the Trickster
   826 | D:1      | Reached * piety under Nemelex Xobeh
  1089 | D:1      | Received a gift from Nemelex Xobeh
  1526 | D:1      | Succumbed to an adder's poison

Illustrated notes

Levels and vault maps discovered:
D:1:      psy_arrival_dodecagon, layout_loops_ring,
          dilly_ecumenical_altar_fadedgnrine
D:2:      layout_rooms, serial_forest, infiniplex_forest_lined_3,
          infiniplex_forest_lined_ring, infiniplex_forest_lined_room_,
          infiniplex_forest_end_3, infiniplex_forest_straight_2,
          patterned_corridor
D:3:      layout_loops_corners, portal_sewer_entry_a, uniq_ijyb, uniq_terence,
          uniq_crazy_yiuf_cottage
D:4:      layout_basic
D:5:      layout_basic, minmay_temple_entry_ruins, kennysheep_windowed_goal
D:6:      layout_loops_cross, grunt_tough_drop

Skill      XL: |  1  2 |
---------------+-------+-----
Stealth        | 7 |  7.4
Dodging        | 3 |  3.0
Fighting       | |  3.1
Unarmed Combat | |  2.2

Action                   || total
-------------------------++-------
Melee: Unarmed           ||    64
       Bite              ||     3
 Cast: Magic Dart        ||     9
Invok: Draw Escape       ||     1
  Use: Scroll            ||     1
       Potion            ||     1
 Stab: Sleeping          ||    10
Armor: Skin              ||     3
Dodge: Dodged            ||    45
